 Dungeon Crawl Stone Soup version 0.31.0-12-g77e489cdc1 (webtiles) character file.

Game seed: 2961592544591440049

2475 spaghetti the Skirmisher (level 9, -4/63 HPs)
             Began as a Human Chaos Knight on Feb 18, 2024.
             Was a Plaything of Xom.
             Slain by Maggie
             ... wielding a +0 halberd
              (8 damage)
             ... on level 8 of the Dungeon.
             The game lasted 00:12:22 (8532 turns).

spaghetti the Skirmisher (Human Chaos Knight)       Turns: 8532, Time: 00:12:23

Health: -4/63      AC:  7    Str: 11    XL:     9   Next: 51%
Magic:  9/9        EV: 11    Int: 12    God:    Xom [.*....]
Gold:   461        SH:  5    Dex: 21    Spells: 8/8 levels left

rFire   + + .        b - +0 shortbow
rCold   . . .        (shield currently unavailable)
rNeg    . . .        e - +2 leather armour {rF+}
rPois   .            g - +1 helmet
rElec   .            (no cloak)
rCorr   .            (no gloves)
SInv    .            (no boots)
Will    .....        v - amulet of reflection
Stlth   ++++         o - ring of fire
HPRegen 0.30/turn    r - ring of protection from fire
MPRegen 0.11/turn

%: reflection
@: mesmerised
A: explore regen, agile 1, cold resistance 1, heat vulnerability 1
a: Renounce Religion


You were on level 8 of the Dungeon.
You worshipped Xom.
You were a plaything of Xom.
You visited 1 branch of the dungeon, and saw 8 of its levels.
You also visited: Bailey.

You collected 461 gold pieces.

Inventory:

Hand Weapons
 a - a +3 whip of electrocution
 b - a +0 shortbow (weapon)
 y - a +0 sling
Missiles
 t - 6 datura-tipped darts
 w - a curare-tipped dart
 B - 4 throwing nets
Armour
 e - a +2 leather armour of fire resistance (worn)
 g - a +1 helmet (worn)
Jewellery
 d - an amulet of magic regeneration
 h - a ring of protection from cold
 i - a ring of resist corrosion
 j - a ring of fire
 m - a ring of see invisible
 o - a ring of fire (left hand)
 r - a ring of protection from fire (right hand)
 v - an amulet of reflection (around neck)
 x - a ring of magical power
 A - a ring of flight
Wands
 z - a wand of flame (16)
Scrolls
 f - 2 scrolls of vulnerability
 l - a scroll of teleportation
 n - a scroll of blinking
 u - a scroll of poison
Potions
 p - 3 potions of magic
 q - a potion of brilliance
 s - 3 potions of enlightenment


   Skills:
 - Level 3.0 Fighting
 - Level 3.0 Short Blades
 + Level 13.2 Ranged Weapons
 - Level 2.0 Armour
 - Level 1.0 Dodging
 - Level 7.1 Stealth


You had 8 spell levels left.
You didn't know any spells.
Your spell library was empty.

Dungeon Overview and Level Annotations

Branches:
Dungeon (8/15)             Temple (0/1) D:7          Bailey (visited)
   Lair: D:8-11

Altars:
Dithmenos
Makhleb
Nemelex Xobeh
Okawaru
Trog
Xom

Shops:
D:7 *

Annotations:
D:8 Maggie


Innate Abilities, Weirdness & Mutations

You regain HP and MP as you explore.
You are agile. (Dex +4, Str/Int -1)
Your flesh is cold resistant. (rC+)
You are vulnerable to heat. (rF-)


Message History

You hear some strange, mumbled words.
A bolt of fire appears from out of thin air!
The bolt of fire hits you. You resist. The bolt of fire hits your butterfly!
Your butterfly dies!
Your butterfly disappears in a burst of colours!
Fire: b) +0 shortbow
Press: ? - help, Q - select action, (/) - cycle Shift-Dir - straight line You shoot an arrow.
Something hits you!
* * * LOW HITPOINT WARNING * * *
Unknown command.
Blink to where?
Press: ? - help, Dir - move target You can't see that place.
Okay, then.
Unknown command.
Okay, then.
Okay, then.
Aiming: Throw Flame
Press: ? - help, Shift-Dir - straight line The puff of flame hits something.
Something hits you.
* * * LOW HITPOINT WARNING * * *
Unknown command.
Unknown command.
Unknown command.
Unknown command.
Fire: b) +0 shortbow
Press: ? - help, Q - select action, (/) - cycle Shift-Dir - straight line You shoot an arrow.
You hear some strange, mumbled words.
A bolt of fire appears from out of thin air!
The bolt of fire hits you. You resist.
* * * LOW HITPOINT WARNING * * *
Unknown command.
Unknown command.
Fire: b) +0 shortbow
Press: ? - help, Q - select action, (/) - cycle Shift-Dir - straight line You shoot an arrow.
Something hits you!
You die...

.#
##b###
.....#
##.b.(.#
#.bb.b.#
#{bbb..#
#..bb..#
#@# #<#
#.# #.#
#.# #.#
#.. ..b
###


There were no monsters in sight!

Vanquished Creatures
  Edmund (D:4)
  An ice beast (D:6)
  2 black bears
  A sky beast (D:6)
  An ogre (D:6)
  2 wolves (Bailey)
  A phantom (D:7)
  2 bullfrogs (D:7)
  A kobold brigand (D:7)
  3 gnoll sergeants (Bailey)
  2 scorpions
  A howler monkey (D:6)
  2 bombardier beetles
  4 hounds
  2 jellies (D:7)
  2 gnoll boudas
  4 orc priests
  2 sleepcaps
  4 iguanas
  2 orc wizards (D:7)
  13 gnolls
  4 adders
  A white imp (D:7)
  4 ufetubi
  A dart slug (D:4)
  17 orcs
  5 ball pythons
  4 endoplasms
  8 giant cockroaches
  30 goblins
  10 hobgoblins
  6 jackals
  10 kobolds
  4 quokkas
  4 bats
  3 frilled lizards
  11 rats
175 creatures vanquished.

Vanquished Creatures (collateral kills)
  An ice beast (D:6)
  Robin (D:3)
  3 orcs (D:3)
  A ball python (D:3)
  A hobgoblin (D:2)
7 creatures vanquished.

Vanquished Creatures (others)
  A hobgoblin (D:2)
1 creature vanquished.

Grand Total: 183 creatures vanquished

Notes
Turn   | Place    | Note
-------+----------+-------------------------------------------
     0 | D:1      | spaghetti the Human Chaos Knight began the quest for the
                  | Orb.
     0 | D:1      | Reached XP level 1. HP: 18/18 MP: 1/1
    83 | D:1      | Reached skill level 1 in Stealth
   222 | D:1      | Reached XP level 2. HP: 22/24 MP: 2/2
   310 | D:1      | XOM: silly message
  1041 | D:1      | Reached XP level 3. HP: 29/29 MP: 3/3
  1331 | D:2      | XOM: silly message
  1479 | D:2      | XOM: polymorph adder -> kobold
  1487 | D:2      | Reached XP level 4. HP: 35/35 MP: 4/4
  1829 | D:2      | Found a faded altar of an unknown god.
  2054 | D:2      | Reached skill level 11 in Ranged Weapons
  2054 | D:2      | Reached XP level 5. HP: 31/41 MP: 5/5
  2076 | D:2      | XOM: scenery: 1 doors open, 1 doors close
  2318 | D:3      | XOM: divination: detect items
  2328 | D:3      | Noticed Robin
  2524 | D:4      | Noticed Edmund
  2650 | D:3      | XOM: scenery: 1 doors open
  2663 | D:3      | Killed Robin
  2727 | D:3      | Reached XP level 6. HP: 47/47 MP: 6/6
  2854 | D:3      | XOM: give mutations
  2854 | D:3      | Gained mutation: Your flesh is cold resistant. (rC+) [Xom's
                  | grace]
  2854 | D:3      | Gained mutation: You have sharp toenails. [Xom's grace]
  2854 | D:3      | Gained mutation: You are agile. (Dex +4, Str/Int -1) [Xom's
                  | grace]
  2877 | D:3      | XOM: give mutation
  2877 | D:3      | Gained mutation: You expend magic power (3 MP) to
                  | strengthen your wands. [Xom's grace]
  2881 | D:3      | Identified the orb of Marbles {mayhem, Rampage Fly Dex-2
                  | SInv}
  3070 | D:4      | XOM: 2-stop teleportation journey
  3159 | D:4      | Noticed a black bear
  3168 | D:4      | Killed a black bear
  3169 | D:4      | Reached skill level 5 in Stealth
  3435 | D:4      | Identified the staff of a Thousand Demons {rPois Ice
                  | Alchemy} (Xom gifted it to you on level 4 of the Dungeon)
  3435 | D:4      | XOM: god gift: staff of a Thousand Demons {rPois Ice
                  | Alchemy}
  3494 | D:4      | XOM: scenery: summon butterflies
  3506 | D:4      | XOM: polymorph orc -> goblin
  3509 | D:4      | Killed Edmund
  3510 | D:4      | Reached XP level 7. HP: 26/52 MP: 7/7
  3714 | D:4      | XOM: scenery: create altars
  4007 | D:5      | Entered Level 5 of the Dungeon
  4436 | D:4      | XOM: scenery: summon butterflies
  5153 | D:5      | Reached XP level 8. HP: 58/58 MP: 8/8
  5156 | D:5      | Found a bloodstained altar of Trog.
  5162 | D:5      | Found an iron altar of Okawaru.
  5167 | D:5      | Found a sparkling altar of Nemelex Xobeh.
  5459 | D:6      | XOM: 3-stop teleportation journey
  5561 | D:6      | XOM: 1-stop teleportation journey
  5610 | D:6      | XOM: polymorph jelly -> bat
  5616 | D:6      | XOM: summons 8 friendly demons
  5806 | D:6      | Reached skill level 12 in Ranged Weapons
  5825 | D:6      | XOM: noise
  6268 | D:6      | Lost mutation: You expend magic power (3 MP) to strengthen
                  | your wands. [potion of mutation]
  6268 | D:6      | Lost mutation: You have sharp toenails. [potion of
                  | mutation]
  6268 | D:6      | Gained mutation: You are vulnerable to heat. (rF-) [potion
                  | of mutation]
  6498 | D:7      | Found a flagged portal.
  6518 | Bailey   | Entered a bailey
  6527 | Bailey   | XOM: smoke on damage
  6531 | Bailey   | XOM: enchant monster (bad)
  6540 | Bailey   | Reached XP level 9. HP: 29/63 MP: 9/9
  6578 | Bailey   | XOM: silly message
  6705 | Bailey   | XOM: 7-stop teleportation journey
  6824 | Bailey   | XOM: noise
  6919 | Bailey   | XOM: potion effect (berserk rage)
  7429 | D:7      | XOM: god gift: scroll of poison
  7484 | D:7      | XOM: confuse monster(s)
  7600 | D:7      | Found a staircase to the Ecumenical Temple.
  7772 | D:7      | Reached skill level 13 in Ranged Weapons
  7841 | D:7      | XOM: silly message
  7854 | D:7      | Found a burning altar of Makhleb.
  7864 | D:7      | Found Tagig's General Store.
  7925 | D:7      | XOM: noise
  7947 | D:7      | Found a shimmering altar of Xom.
  7991 | D:7      | Found a shadowy altar of Dithmenos.
  8119 | D:7      | XOM: scenery: 1 doors close
  8502 | D:8      | Noticed Maggie
  8515 | D:8      | XOM: enchant monster (bad)
  8523 | D:8      | HP: 3/63 [something (16)]
  8532 | D:8      | Slain by Maggie

Illustrated notes

Levels and vault maps discovered:
D:1:      dpeg_arrival_rooms_with_view, layout_basic, nicolae_hexahallways,
          skrybe_limestone_x, corner_web_ring
D:2:      cheibrodos_greedy_goblins, layout_loops_ring,
          shapermc_ecumenical_altar_notcrosses, chequers_avenue, hex_medium,
          cheibrodos_gnoll_hut
D:3:      layout_basic, uniq_robin
D:4:      layout_basic, minivault_4, minmay_misc_feat_encased,
          hangedman_minor_gate_pass, uniq_edmund
D:5:      layout_basic, minmay_overflow_temple_star_quad
D:6:      layout_basic, chequers_hall_statues_corner_a
D:7:      layout_loops_corners, mainiacjoe_overflow_alcove_1,
          mainiacjoe_overflow_tiny_flanked, bloody_makhleb,
          minmay_temple_entry_overgrown, serial_co_window_serial,
          co_window_paths_a, co_window_of_opportunity_a, co_window_paths_a,
          co_window_corner_a, co_window_paths_b, co_window_cross_1,
          co_window_of_opportunity_a, co_window_corner_a,
          co_window_of_opportunity_a, co_window_corner_cb, co_window_broadway_b,
          co_window_unsneaky_path_a, co_window_corner_ca, co_window_broadway_b,
          co_window_corner_b, co_window_corner_ca, glass_columns_a,
          glass_columns_b, glass_columns_a, glass_columns_b, serial_shops, shop,
          enter_bailey_3
D:8:      layout_loops_ring, uniq_pikel, uniq_maggie, uniq_grum

Skill      XL: |  1  2  3  4  5  6  7  8  9 |
---------------+----------------------------+-----
Stealth        | 1 2 3 4 5 7 |  7.1
Ranged Weapons | 11 12 13 | 13.2
Fighting       | |  3.0
Short Blades   | |  3.0
Armour         | |  2.0
Dodging        | |  1.0

Action                     |  1- 3 |  4- 6 |  7- 9 || total
---------------------------+-------+-------+-------++-------
  Melee: Short sword       |   136 |    38 |       ||   174
         Punch             |     1 |     2 |     2 ||     5
         Quarterstaff      |       |    87 |       ||    87
         Whip              |       |    49 |    65 ||   114
         Kick              |       |     6 |    13 ||    19
   Fire: Sling             |       |       |   196 ||   196
         Shortbow          |       |       |   193 ||   193
  Throw: Dart              |       |     5 |       ||     5
  Evoke: Wand              |       |       |     2 ||     2
    Use: Scroll            |       |     7 |     6 ||    13
         Potion            |       |     7 |     9 ||    16
   Stab: Sleeping          |     7 |     9 |     3 ||    19
         Distracted        |       |     1 |       ||     1
 Armour: Leather armour    |    56 |   126 |   197 ||   379
  Dodge: Dodged            |    60 |   124 |   118 ||   302
  Block: Other             |       |       |    45 ||    45
